 Dungeon Crawl Stone Soup version 0.29.1-12-g30fa7ad0bf (webtiles) character file.

Game seed: 3389316371433572747

28 LustLizard the Chopper (level 3, -3/30 HPs)
             Began as a Barachi Monk on Jan 10, 2023.
             Slain by a worm (5 damage)
             ... on level 2 of the Dungeon.
             The game lasted 00:01:45 (1556 turns).

LustLizard the Chopper (Barachi Monk)               Turns: 1556, Time: 00:01:46

Health: -3/30      AC:  2    Str: 14    XL:     3   Next: 14%
Magic:  0/3        EV: 13    Int: 10    God:
Gold:   39         SH:  0    Dex: 14    Spells: 2/2 levels left

rFire   . . .      SeeInvis .   a - +0 hand axe
rCold   . . .      Faith    .   (no shield)
rNeg    . . .      Spirit   +   b - +0 robe
rPois   .          Reflect  .   (no helmet)
rElec   .          Harm     .   (no cloak)
rCorr   .          Rampage  .   (no gloves)
Will    .....                   (no boots)
Stlth   ++........              k - amulet of guardian spirit
HPRegen 0.10/turn               (no ring)
MPRegen 0.08/turn               (no ring)

@: slow
A: amphibious, slowness 1, strong legs 1, +LOS
a: Hop


You were on level 2 of the Dungeon.
You visited 1 branch of the dungeon, and saw 2 of its levels.

You collected 39 gold pieces.

Inventory:

Hand Weapons
 a - a +0 hand axe (weapon)
Missiles
 g - 5 poisoned darts
Armour
 b - a +0 robe (worn)
 i - a +0 chain mail
Jewellery
 k - an amulet of guardian spirit (around neck)
Scrolls
 e - 2 scrolls of teleportation {unknown}
 f - a scroll of identify {unknown}
 h - a scroll of vulnerability {unknown}
 j - a scroll of silence {unknown}
Potions
 c - 2 potions of ambrosia
 d - a potion of might {unknown}


   Skills:
 + Level 4.1 Fighting
 * Level 4.1 Axes
 + Level 0.5 Throwing
 - Level 3.2 Dodging
 - Level 1.7 Stealth


You had 2 spell levels left.
You didn't know any spells.
Your spell library was empty.

Dungeon Overview and Level Annotations

Branches:
Dungeon (2/15)

Altars:


Innate Abilities, Weirdness & Mutations

You are amphibious.
You cover ground slowly.
You can hop short distances.
You have an extended range of vision and can be seen from far away.


Message History

The endoplasm quivers.
You hit the goblin but do no damage. The goblin barely misses you.
You closely miss the goblin. The goblin hits you but does no damage.
You hit the goblin.
You kill the goblin!
The worm bites you.
You barely miss the worm. You barely miss the worm. The worm bites you!
The hobgoblin shouts!
You hit the worm.
The worm is lightly wounded.
You hit the endoplasm. The endoplasm barely misses you.
The worm closely misses you. The endoplasm freezes you.
You are frozen.
You hit the worm but do no damage.
The worm is lightly wounded.
You barely miss the endoplasm. The endoplasm freezes you.
You are frozen.
You barely miss the worm.
The worm is lightly wounded.
You hit the endoplasm.
You kill the endoplasm!
The worm closely misses you.
A hobgoblin comes into view.
The hobgoblin shouts!
You hit the worm.
The worm is moderately wounded.
The worm bites you!
* * * LOW HITPOINT WARNING * * *
You hit the worm but do no damage.
The worm is moderately wounded.
A giant cockroach comes into view.
You hit the worm.
The worm is moderately wounded.
You hit the hobgoblin but do no damage.
The hobgoblin hits you but does no damage.
The worm bites you.
You die...

. ... ...#. g# ... #...
.. ..#.## ...##.
#.#...######.... # #.#
#......#..#
####.####.....#..#
.............!...#
#....#####....##.###.#...
####............@g.......
.................w...#...
##...<....########...#
.............. #....#
##....######### ......
#....# .g... #....# .....
###### ..B. ###


You could see a worm, a giant cockroach and 2 hobgoblins.

Vanquished Creatures
  A dart slug (D:2)
  3 bats (D:1)
  3 endoplasms
  2 giant cockroaches (D:1)
  A hobgoblin (D:1)
  2 kobolds (D:1)
  2 quokkas
  3 ball pythons (D:1)
  2 frilled lizards (D:1)
  2 goblins
  4 rats (D:1)
25 creatures vanquished.

Notes
Turn   | Place    | Note
-------+----------+-------------------------------------------
     0 | D:1      | LustLizard the Barachi Monk began the quest for the Orb.
     0 | D:1      | Reached XP level 1. HP: 18/18 MP: 1/1
   543 | D:1      | Reached XP level 2. HP: 23/25 MP: 2/2
   783 | D:1      | Found a faded altar of an unknown god.
  1406 | D:2      | Reached XP level 3. HP: 26/30 MP: 3/3
  1556 | D:2      | Slain by a worm

Illustrated notes

Levels and vault maps discovered:
D:1:      tarquinn_simple_flora_water_a, layout_loops_ring,
          basic_ecumenical_altar
D:2:      layout_rooms, minmay_misc_feat_enclosed

Skill      XL: |  1  2 |
---------------+-------+-----
Fighting       | 4 |  4.1
Axes           | 4 |  4.1
Throwing       | |  0.5
Dodging        | |  3.2
Stealth        | |  1.7

Action                   || total
-------------------------++-------
Melee: Hand axe          ||   103
 Stab: Sleeping          ||     4
Armor: Robe              ||    23
Dodge: Dodged            ||    72
